Montreal Canadiens vs Boston Bruins
Created - Friday, December 15, 2023 at 07:26
Goals
|
| Montreal Canadiens |
0 |
1 |
2 |
3 |
| Boston Bruins |
1 |
3 |
2 |
6 |
|
Shots
|
| Montreal Canadiens |
7 |
7 |
10 |
24 |
| Boston Bruins |
9 |
12 |
11 |
32 |
|
1st period
1. Boston Bruins , Joe Veleno 12 (John-Jason Peterka 26, Charlie McAvoy 47) at 15:56
Penalties :
Jacob Larsson (BOS) for Tripping (Minor) at 5:34, Tyson Barrie (BOS) for Hooking (Minor) at 12:19
2nd period
2. Boston Bruins , Joel Farabee 31 (Phil Kessel 25, Ryan Donato 27) at 1:11 (PP)
3. Boston Bruins , Mathieu Olivier 4 (Dylan Gambrell 5, Jacob Larsson 1) at 5:50
4. Montreal Canadiens , Martin Necas 17 (Adam Fox 48, Damon Severson 16) at 14:21
5. Boston Bruins , Charlie McAvoy 11 (Dylan Gambrell 6) at 17:25
Penalties :
Martin Necas (MTL) for Interference (Minor) at 0:27, Charlie McAvoy (BOS) for Hooking (Minor) at 14:54, Filip Hronek (MTL) for Hooking (Minor) at 18:26
3rd period
6. Boston Bruins , Brandon Hagel 31 (Anthony Beauvillier 29, Pavel Zacha 46) at 1:21 (PP)
7. Boston Bruins , Joel Farabee 32 (Phil Kessel 26, Ryan Donato 28) at 4:23 (PP)
8. Montreal Canadiens , Martin Necas 18 (Dylan Larkin 41) at 4:31
9. Montreal Canadiens , Patrik Laine 20 (Sidney Crosby 57, Adam Fox 49) at 6:26
Penalties :
Dylan Larkin (MTL) for Roughing (Minor) at 1:07, Adam Fox (MTL) for Roughing (Minor) at 4:18, Sidney Crosby (MTL) for Hooking (Minor) at 7:19, Tyson Barrie (BOS) for Hooking (Minor) at 9:28, Tomas Nosek (MTL) for Hooking (Minor) at 14:32, Mathieu Olivier (BOS) for Hooking (Minor) at 19:03
Goalie Stats
David Rittich (MTL), 26 saves from 32 shots - (0.813), L, 13-12-2, 60:00 minutes
Leevi Merilainen (BOS), 21 saves from 24 shots - (0.875), W, 12-17-4, 60:00 minutes
Players Stats for Montreal Canadiens
Player Name G A P +/- PIM S H SB GA TA FO MP PP MP PK MP
------------------------------------------------------------------------------------
Adam Fox 0 2 2 2 2 4 0 1 1 1 0/0 30:25 5:50 3:29
Brady Skjei 0 0 0 -1 0 1 1 1 0 1 0/0 20:43 2:52 3:31
Christian Fischer 0 0 0 -1 0 0 1 0 0 0 3/5 18:54 4:33 3:45
Damon Severson 0 1 1 -1 0 0 0 0 0 0 0/0 11:52 2:52 0:00
Dylan Larkin 0 1 1 1 2 1 5 1 3 0 11/17 18:25 4:07 2:57
Evgeni Dadonov 0 0 0 -1 0 0 0 0 0 0 0/0 10:46 0:12 0:15
Filip Hronek 0 0 0 2 2 2 2 1 0 1 0/0 27:12 6:00 0:00
Jack Johnson 0 0 0 -1 0 0 0 1 1 0 0/0 12:27 0:10 3:29
Jake Evans 0 0 0 -1 0 1 0 1 0 0 1/3 9:49 0:00 3:30
Jamie Benn 0 0 0 0 0 0 2 1 0 0 2/4 22:51 4:07 3:00
Jonathan Marchessault 0 0 0 2 0 1 1 1 0 0 0/0 11:17 0:12 0:00
Martin Necas 2 0 2 2 2 4 1 0 1 0 1/2 16:18 4:33 0:00
Patrik Laine 1 0 1 1 0 3 0 1 1 0 2/2 20:41 4:33 0:00
Sidney Crosby 0 1 1 0 2 4 1 0 2 0 20/23 20:02 4:17 0:00
Tomas Nosek 0 0 0 -1 2 0 2 0 0 0 0/0 6:39 0:00 0:00
Tyler Myers 0 0 0 -1 0 0 0 3 0 1 0/0 17:23 0:00 3:31
Tyson Jost 0 0 0 -1 0 2 1 0 0 0 0/0 9:54 0:02 0:00
Vladislav Namestnikov 0 0 0 -1 0 1 2 0 0 0 4/11 7:16 0:00 0:33
Players Stats for Boston Bruins
Player Name G A P +/- PIM S H SB GA TA FO MP PP MP PK MP
------------------------------------------------------------------------------------
Anthony Beauvillier 0 1 1 -1 0 3 2 2 2 0 2/3 20:58 3:32 3:58
Brandon Hagel 1 0 1 -1 0 3 1 0 0 1 0/7 20:36 3:32 4:16
Charlie McAvoy 1 1 2 0 2 3 1 0 0 1 0/0 22:09 3:24 3:24
Dylan Gambrell 0 2 2 2 0 1 2 0 0 0 3/5 6:15 0:00 0:00
Jacob Larsson 0 1 1 1 2 1 0 0 0 0 0/0 13:33 0:00 0:14
Joe Veleno 1 0 1 1 0 4 4 0 0 0 1/7 11:51 0:00 0:44
Joel Farabee 2 0 2 -2 0 5 1 1 1 0 1/2 16:05 3:14 0:00
John-Jason Peterka 0 1 1 1 0 2 0 1 1 0 1/1 11:24 0:14 0:00
Joonas Donskoi 0 0 0 2 0 0 1 0 0 0 0/0 6:54 0:14 0:00
Mathieu Olivier 1 0 1 2 2 2 0 0 0 0 0/0 6:14 0:00 0:00
Matt Grzelcyk 0 0 0 1 0 2 0 2 0 0 0/0 16:19 0:00 2:47
Nicholas Merkley 0 0 0 1 0 1 1 0 0 0 0/0 11:24 0:14 0:00
Pavel Zacha 0 1 1 -1 0 1 2 1 0 1 9/27 20:30 3:32 4:10
Phil Kessel 0 2 2 -2 0 1 0 1 0 0 0/0 20:53 3:14 4:06
Ryan Donato 0 2 2 -2 0 1 1 1 0 0 6/15 16:57 3:14 0:30
Samuel Girard 0 0 0 -1 0 1 0 3 0 4 0/0 24:32 3:36 4:37
Sean Durzi 0 0 0 -1 0 0 1 2 0 2 0/0 23:48 3:36 4:23
Tyson Barrie 0 0 0 0 4 1 1 1 0 0 0/0 20:41 3:24 2:19
3 Stars
1 - Dylan Gambrell (BOS)
2 - Joe Veleno (BOS)
3 - Joel Farabee (BOS)
Power Play
Montreal Canadiens - 0 on 5 Attempt(s) - 0.00%
Boston Bruins - 3 on 6 Attempt(s) - 50.00%
Penalty Kill
Montreal Canadiens - 3 on 6 Attempt(s) - 50.00%
- Score 0 goal in Penalty Kill
Boston Bruins - 5 on 5 Attempt(s) - 100.00%
- Score 0 goal in Penalty Kill
Team Stat
Montreal Canadiens - Hits : 19 - Faceoff Wins : 44 - Blocked Shots : 12 - Penalty Minutes : 12
Boston Bruins - Hits : 18 - Faceoff Wins : 23 - Blocked Shots : 15 - Penalty Minutes : 10
Official
Referees : Ghislain Hebert and Greg Kimmerly
Linesman : Shandor Alphonso and Jonny Murray
Game Notes
No Game Note
Finance
Level 1 -- Attendance: 4590 (76.50%) -- Ticket Income $459,000
Level 2 -- Attendance: 3485 (69.70%) -- Ticket Income $209,100
Level 3 -- Attendance: 2082 (69.40%) -- Ticket Income $72,870
Level 4 -- Attendance: 3475 (69.50%) -- Ticket Income $86,875
Luxury Box -- Attendance: 724 (72.40%) -- Ticket Income $144,800
Game was played at the TD Garden.
Total Attendance: 14356 (71.78%)
Total Ticket Income: $972,645
Other Income: $340,426
Total Income: $1,313,071
Montreal Canadiens
5 vs 5 Forward
Center Left Wing Right Wing Time % Phy DF OF
1 Sidney Crosby Jamie Benn Patrik Laine 39 1 2 2
2 Dylan Larkin Martin Necas Jonathan Marchessault 30 1 2 2
3 Christian Fischer Tyson Jost Evgeni Dadonov 20 1 2 2
4 Vladislav Namestnikov Jake Evans Tomas Nosek 11 1 2 2
5 vs 5 Defense
Defense Defense Time % Phy DF OF
1 Adam Fox Filip Hronek 37 1 2 2
2 Brady Skjei Tyler Myers 30 1 2 2
3 Damon Severson Jack Johnson 18 1 4 0
4 Adam Fox Filip Hronek 15 1 2 2
PowerPlay Forward
Center Left Wing Right Wing Time % Phy DF OF
1 Sidney Crosby Dylan Larkin Jamie Benn 65 0 1 4
2 Martin Necas Patrik Laine Christian Fischer 35 0 1 4
PowerPlay Defense
Defense Defense Time % Phy DF OF
1 Adam Fox Filip Hronek 70 0 1 4
2 Brady Skjei Damon Severson 30 0 1 4
Penalty Kill 4 Players Forward
Center Wing Time % Phy DF OF
1 Dylan Larkin Jamie Benn 50 1 3 1
2 Jake Evans Christian Fischer 50 1 3 1
Penalty Kill 4 Players Defense
Defense Defense Time % Phy DF OF
1 Jack Johnson Adam Fox 50 1 3 1
2 Tyler Myers Brady Skjei 50 1 3 1
Penalty Kill - 3 Players Forward
Forward Time % Phy DF OF
1 Dylan Larkin 50 1 4 0
2 Jamie Benn 50 1 4 0
Penalty Kill - 3 Players Defense
Defense Defense Time % Phy DF OF
1 Jack Johnson Adam Fox 50 1 4 0
2 Filip Hronek Tyler Myers 50 1 4 0
4 vs 4 Forward
Center Wing Time % Phy DF OF
1 Sidney Crosby Jamie Benn 60 1 1 3
2 Dylan Larkin Martin Necas 40 1 1 3
4 vs 4 Defense
Defense Defense Time % Phy DF OF
1 Adam Fox Tyler Myers 55 1 2 2
2 Damon Severson Brady Skjei 45 1 2 2
Last Minutes Offensive
Center Left Wing Right Wing Defense Defense
Sidney Crosby Dylan Larkin Jamie Benn Adam Fox Filip Hronek
Last Minutes Defensive
Center Left Wing Right Wing Defense Defense
Sidney Crosby Dylan Larkin Jamie Benn Adam Fox Filip Hronek
Goaltenders
Starting : David Rittich
Backup : Jacob Markstrom
Extra Forwards
Normal : Patrik Laine, Sidney Crosby, Dylan Larkin - PP : Jamie Benn, Patrik Laine - PK : Vladislav Namestnikov
Extra Defensemen
Normal : Filip Hronek, Damon Severson, Adam Fox - PP : Filip Hronek - PK : Brady Skjei, Adam Fox
Penalty Shots
Martin Necas, Sidney Crosby, Dylan Larkin, Jamie Benn, Patrik Laine
Boston Bruins
5 vs 5 Forward
Center Left Wing Right Wing Time % Phy DF OF
1 Pavel Zacha Brandon Hagel Anthony Beauvillier 30 1 2 2
2 Ryan Donato Joel Farabee Phil Kessel 30 1 2 2
3 Joe Veleno John-Jason Peterka Nicholas Merkley 25 1 2 2
4 Dylan Gambrell Joonas Donskoi Mathieu Olivier 15 1 2 2
5 vs 5 Defense
Defense Defense Time % Phy DF OF
1 Charlie McAvoy Tyson Barrie 35 1 2 2
2 Sean Durzi Samuel Girard 35 1 2 2
3 Matt Grzelcyk Jacob Larsson 30 1 2 2
4 Charlie McAvoy Tyson Barrie 0 1 2 2
PowerPlay Forward
Center Left Wing Right Wing Time % Phy DF OF
1 Pavel Zacha Brandon Hagel Anthony Beauvillier 50 1 2 2
2 Ryan Donato Joel Farabee Phil Kessel 50 1 2 2
PowerPlay Defense
Defense Defense Time % Phy DF OF
1 Charlie McAvoy Tyson Barrie 50 1 2 2
2 Sean Durzi Samuel Girard 50 1 2 2
Penalty Kill 4 Players Forward
Center Wing Time % Phy DF OF
1 Brandon Hagel Pavel Zacha 50 1 2 2
2 Anthony Beauvillier Phil Kessel 50 1 2 2
Penalty Kill 4 Players Defense
Defense Defense Time % Phy DF OF
1 Charlie McAvoy Tyson Barrie 50 1 2 2
2 Sean Durzi Samuel Girard 50 1 2 2
Penalty Kill - 3 Players Forward
Forward Time % Phy DF OF
1 Brandon Hagel 50 1 2 2
2 Pavel Zacha 50 1 2 2
Penalty Kill - 3 Players Defense
Defense Defense Time % Phy DF OF
1 Charlie McAvoy Tyson Barrie 50 1 2 2
2 Sean Durzi Samuel Girard 50 1 2 2
4 vs 4 Forward
Center Wing Time % Phy DF OF
1 Brandon Hagel Pavel Zacha 50 1 2 2
2 Anthony Beauvillier Phil Kessel 50 1 2 2
4 vs 4 Defense
Defense Defense Time % Phy DF OF
1 Charlie McAvoy Tyson Barrie 50 1 2 2
2 Sean Durzi Samuel Girard 50 1 2 2
Last Minutes Offensive
Center Left Wing Right Wing Defense Defense
Pavel Zacha Brandon Hagel Anthony Beauvillier Charlie McAvoy Tyson Barrie
Last Minutes Defensive
Center Left Wing Right Wing Defense Defense
Pavel Zacha Brandon Hagel Anthony Beauvillier Charlie McAvoy Tyson Barrie
Goaltenders
Starting : Leevi Merilainen
Backup : Kyle Keyser
Extra Forwards
Normal : John-Jason Peterka, Nicholas Merkley, Joe Veleno - PP : John-Jason Peterka, Nicholas Merkley - PK : Joe Veleno
Extra Defensemen
Normal : Matt Grzelcyk, Charlie McAvoy, Sean Durzi - PP : Matt Grzelcyk - PK : Tyson Barrie, Sean Durzi
Penalty Shots
Brandon Hagel, Pavel Zacha, Anthony Beauvillier, Phil Kessel, Joel Farabee
% Time on Ice - Montreal Canadiens
Lines # - Real PCT - Wanted PCT - Time Play
Normal Forward
1 - 37% - 39% - 16:09
2 - 27% - 30% - 11:53
3 - 22% - 20% - 9:51
4 - 14% - 11% - 6:15
Normal Defense
1 - 38% - 37% - 16:40
2 - 32% - 30% - 14:20
3 - 19% - 18% - 8:32
4 - 10% - 15% - 4:36
PP Forward
1 - 49% - 65% - 4:19
2 - 51% - 35% - 4:33
PP Defense
1 - 68% - 70% - 6:00
2 - 32% - 30% - 2:52
PK Forward
1 - 45% - 50% - 3:08
2 - 55% - 50% - 3:52
PK Defense
1 - 50% - 50% - 3:29
2 - 50% - 50% - 3:31
PK3 Forward
1 - 0% - 50%
2 - 0% - 50%
PK3 Defense
1 - 0% - 50%
2 - 0% - 50%
44 Forward
1 - 0% - 60%
2 - 0% - 40%
44 Defense
1 - 0% - 55%
2 - 0% - 45%
Last Minute Offensive - 0:00
Last Minute Defensive - 0:00
Total
Forward - 60:00
Defense - 60:00
|
% Time on Ice - Boston Bruins
Lines # - Real PCT - Wanted PCT - Time Play
Normal Forward
1 - 31% - 30% - 13:35
2 - 31% - 30% - 13:33
3 - 24% - 25% - 10:45
4 - 14% - 15% - 6:15
Normal Defense
1 - 35% - 35% - 15:30
2 - 36% - 35% - 15:49
3 - 29% - 30% - 12:49
4 - 0% - 0% - 0:00
PP Forward
1 - 54% - 50% - 3:46
2 - 46% - 50% - 3:14
PP Defense
1 - 49% - 50% - 3:24
2 - 51% - 50% - 3:36
PK Forward
1 - 50% - 50% - 4:28
2 - 50% - 50% - 4:24
PK Defense
1 - 51% - 50% - 4:29
2 - 49% - 50% - 4:23
PK3 Forward
1 - 0% - 50%
2 - 0% - 50%
PK3 Defense
1 - 0% - 50%
2 - 0% - 50%
44 Forward
1 - 0% - 50%
2 - 0% - 50%
44 Defense
1 - 0% - 50%
2 - 0% - 50%
Last Minute Offensive - 0:00
Last Minute Defensive - 0:00
Total
Forward - 60:00
Defense - 60:00
|
Play-by-Play
1st period
0:01 of 1st period - Patrik Laine wins face-off versus Pavel Zacha in neutral zone.
0:06 of 1st period - Wrist shot by Patrik Laine.
0:06 of 1st period - Stopped by Leevi Merilainen with a rebound.
0:35 of 1st period - Wrist shot by Joel Farabee.
0:35 of 1st period - Shot Misses the Net.
0:53 of 1st period - Slapshot by Adam Fox.
0:53 of 1st period - Deflect By Tyson Jost.
0:53 of 1st period - Stopped by Leevi Merilainen with a rebound.
0:55 of 1st period - Snap shot by Tyson Jost.
0:55 of 1st period - Stopped by Leevi Merilainen without a rebound.
0:56 of 1st period - Dylan Gambrell wins face-off versus Vladislav Namestnikov in Boston Bruins zone.
0:56 of 1st period - Dylan Gambrell is hit by Tomas Nosek.
1:22 of 1st period - Joel Farabee is hit by Sidney Crosby and loses puck.
2:31 of 1st period - Wrist shot by Joe Veleno.
2:31 of 1st period - Stopped by David Rittich with a rebound.
2:55 of 1st period - Jack Johnson is hit by Tyson Barrie and loses puck.
3:06 of 1st period - Dylan Gambrell is hit by Dylan Larkin.
3:59 of 1st period - Wrist shot by Sidney Crosby.
3:59 of 1st period - Deflect By Patrik Laine.
3:59 of 1st period - Shot Blocked by Joel Farabee.
3:59 of 1st period - Puck is out of play.
4:00 of 1st period - Dylan Larkin wins face-off versus Pavel Zacha in Boston Bruins zone.
4:01 of 1st period - Snap shot by Martin Necas.
4:01 of 1st period - Shot Misses the Net.
4:22 of 1st period - Icing by Damon Severson.
4:23 of 1st period - Dylan Larkin wins face-off versus Joe Veleno in Montreal Canadiens zone.
4:23 of 1st period - Dylan Larkin is hit by Joe Veleno.
4:35 of 1st period - Snap shot by Joe Veleno.
4:35 of 1st period - Stopped by David Rittich with a rebound.
4:57 of 1st period - Snap shot by Adam Fox.
4:57 of 1st period - Stopped by Leevi Merilainen without a rebound.
4:58 of 1st period - Ryan Donato wins face-off versus Dylan Larkin in Boston Bruins zone.
5:11 of 1st period - Wrist shot by Joel Farabee.
5:11 of 1st period - Stopped by David Rittich without a rebound.
5:12 of 1st period - Sidney Crosby wins face-off versus Pavel Zacha in Montreal Canadiens zone.
5:12 of 1st period - Sidney Crosby is hit by Anthony Beauvillier.
5:34 of 1st period - Minor Penalty to Jacob Larsson for Tripping.
5:35 of 1st period - Sidney Crosby wins face-off versus Brandon Hagel in Boston Bruins zone.
6:06 of 1st period - Snap shot by Patrik Laine.
6:06 of 1st period - Shot Blocked by Tyson Barrie.
6:55 of 1st period - Icing by Dylan Larkin.
6:56 of 1st period - Anthony Beauvillier wins face-off versus Martin Necas in Montreal Canadiens zone.
7:34 of 1st period - Penalty to Jacob Larsson is over, Jacob Larsson is back on ice.
7:43 of 1st period - Slapshot by Vladislav Namestnikov.
7:43 of 1st period - Stopped by Leevi Merilainen with a rebound.
8:01 of 1st period - Damon Severson is hit by Dylan Gambrell.
8:53 of 1st period - Sean Durzi is hit by Dylan Larkin and loses puck.
9:06 of 1st period - Samuel Girard is hit by Jamie Benn and loses puck.
10:04 of 1st period - Icing by Charlie McAvoy.
10:05 of 1st period - Sidney Crosby wins face-off versus Joe Veleno in Boston Bruins zone.
10:20 of 1st period - Slapshot by Tyson Barrie.
10:20 of 1st period - Stopped by David Rittich with a rebound.
11:47 of 1st period - Wrist shot by Joel Farabee.
11:47 of 1st period - Shot Blocked by Tyler Myers.
11:49 of 1st period - Wrist shot by Phil Kessel.
11:49 of 1st period - Shot Misses the Net.
11:51 of 1st period - Wrist shot by Joel Farabee.
11:51 of 1st period - Stopped by David Rittich with a rebound.
12:19 of 1st period - Minor Penalty to Tyson Barrie for Hooking.
12:20 of 1st period - Sidney Crosby wins face-off versus Anthony Beauvillier in Boston Bruins zone.
13:06 of 1st period - Anthony Beauvillier is hit by Filip Hronek and loses puck.
14:19 of 1st period - Penalty to Tyson Barrie is over, Tyson Barrie is back on ice.
14:20 of 1st period - Wrist shot by Patrik Laine.
14:20 of 1st period - Shot Misses the Net.
14:30 of 1st period - Slapshot by Martin Necas.
14:30 of 1st period - Shot Blocked by Matt Grzelcyk.
14:32 of 1st period - Wrist shot by Martin Necas.
14:32 of 1st period - Stopped by Leevi Merilainen with a rebound.
14:43 of 1st period - Wrist shot by Patrik Laine.
14:43 of 1st period - Shot Blocked by Anthony Beauvillier.
14:57 of 1st period - Slapshot by Patrik Laine.
14:57 of 1st period - Shot Blocked by Phil Kessel.
14:59 of 1st period - Snap shot by Martin Necas.
14:59 of 1st period - Stopped by Leevi Merilainen without a rebound.
15:00 of 1st period - Vladislav Namestnikov wins face-off versus Joe Veleno in Boston Bruins zone.
15:01 of 1st period - Snap shot by Tomas Nosek.
15:01 of 1st period - Shot Hit the Post.
15:11 of 1st period - Wrist shot by Nicholas Merkley.
15:11 of 1st period - Shot Misses the Net.
15:13 of 1st period - Slapshot by John-Jason Peterka.
15:13 of 1st period - Stopped by David Rittich without a rebound.
15:14 of 1st period - Vladislav Namestnikov wins face-off versus Dylan Gambrell in Montreal Canadiens zone.
15:45 of 1st period - Off-side.
15:46 of 1st period - Sidney Crosby wins face-off versus Joe Veleno in neutral zone.
15:56 of 1st period - Snap shot by Joe Veleno.
15:56 of 1st period - Goal by Joe Veleno - Montreal Canadiens : 0 - Boston Bruins : 1.
15:57 of 1st period - Pavel Zacha wins face-off versus Vladislav Namestnikov in neutral zone.
16:31 of 1st period - Wrist shot by Ryan Donato.
16:31 of 1st period - Stopped by David Rittich without a rebound.
16:32 of 1st period - Dylan Larkin wins face-off versus Pavel Zacha in Montreal Canadiens zone.
16:47 of 1st period - Wrist shot by Brandon Hagel.
16:47 of 1st period - Shot Misses the Net.
17:37 of 1st period - Adam Fox is hit by Brandon Hagel and loses puck.
18:14 of 1st period - Wrist shot by Jonathan Marchessault.
18:14 of 1st period - Shot Misses the Net.
18:50 of 1st period - Snap shot by Joe Veleno.
18:50 of 1st period - Stopped by David Rittich with a rebound.
19:08 of 1st period - Snap shot by Brandon Hagel.
19:08 of 1st period - Deflect By Pavel Zacha.
19:08 of 1st period - Shot Misses the Net.
19:08 of 1st period - Puck is out of play.
19:09 of 1st period - Pavel Zacha wins face-off versus Dylan Larkin in Montreal Canadiens zone.
Goals for this period are 0 for Montreal Canadiens vs 1 for Boston Bruins.
Shots for this period are 7 for Montreal Canadiens vs 9 for Boston Bruins.
2nd period
0:01 of 2nd period - Patrik Laine wins face-off versus Brandon Hagel in neutral zone.
0:27 of 2nd period - Minor Penalty to Martin Necas for Interference.
0:28 of 2nd period - Dylan Larkin wins face-off versus Pavel Zacha in Montreal Canadiens zone.
1:07 of 2nd period - Wrist shot by Phil Kessel.
1:07 of 2nd period - Shot Misses the Net.
1:09 of 2nd period - Wrist shot by Phil Kessel.
1:09 of 2nd period - Shot Blocked by Jack Johnson.
1:11 of 2nd period - Snap shot by Joel Farabee.
1:11 of 2nd period - Goal by Joel Farabee - Montreal Canadiens : 0 - Boston Bruins : 2.
1:12 of 2nd period - Sidney Crosby wins face-off versus Pavel Zacha in neutral zone.
2:04 of 2nd period - Nicholas Merkley is hit by Tyson Jost and loses puck.
3:07 of 2nd period - Wrist shot by Dylan Larkin.
3:07 of 2nd period - Shot Misses the Net.
3:09 of 2nd period - Slapshot by Adam Fox.
3:09 of 2nd period - Shot Misses the Net.
3:35 of 2nd period - Off-side.
3:36 of 2nd period - Sidney Crosby wins face-off versus Pavel Zacha in neutral zone.
4:27 of 2nd period - Backhand shot by Dylan Larkin.
4:27 of 2nd period - Stopped by Leevi Merilainen with a rebound.
4:49 of 2nd period - Wrist shot by Evgeni Dadonov.
4:49 of 2nd period - Shot Blocked by John-Jason Peterka.
4:51 of 2nd period - Slapshot by Tyler Myers.
4:51 of 2nd period - Shot Misses the Net.
4:53 of 2nd period - Slapshot by Brady Skjei.
4:53 of 2nd period - Stopped by Leevi Merilainen without a rebound.
4:54 of 2nd period - Pavel Zacha wins face-off versus Dylan Larkin in Boston Bruins zone.
5:22 of 2nd period - Snap shot by Joel Farabee.
5:22 of 2nd period - Stopped by David Rittich with a rebound.
5:44 of 2nd period - Wrist shot by Mathieu Olivier.
5:44 of 2nd period - Shot Blocked by Filip Hronek.
5:46 of 2nd period - Wrist shot by Jacob Larsson.
5:46 of 2nd period - Stopped by David Rittich with a rebound.
5:48 of 2nd period - Snap shot by Dylan Gambrell.
5:48 of 2nd period - Stopped by David Rittich with a rebound.
5:50 of 2nd period - Snap shot by Mathieu Olivier.
5:50 of 2nd period - Goal by Mathieu Olivier - Montreal Canadiens : 0 - Boston Bruins : 3.
5:51 of 2nd period - Sidney Crosby wins face-off versus Pavel Zacha in neutral zone.
5:54 of 2nd period - Snap shot by Sidney Crosby.
5:54 of 2nd period - Deflect By Jamie Benn.
5:54 of 2nd period - Deflect By Anthony Beauvillier.
5:54 of 2nd period - Shot Blocked by Anthony Beauvillier.
5:54 of 2nd period - Puck is out of play.
5:55 of 2nd period - Sidney Crosby wins face-off versus Pavel Zacha in Boston Bruins zone.
6:04 of 2nd period - Slapshot by Sidney Crosby.
6:04 of 2nd period - Stopped by Leevi Merilainen without a rebound.
6:05 of 2nd period - Sidney Crosby wins face-off versus Pavel Zacha in Boston Bruins zone.
6:12 of 2nd period - Wrist shot by Patrik Laine.
6:12 of 2nd period - Shot Misses the Net.
6:14 of 2nd period - Slapshot by Filip Hronek.
6:14 of 2nd period - Shot Misses the Net.
6:55 of 2nd period - Tyler Myers is hit by Nicholas Merkley and loses puck.
7:02 of 2nd period - Slapshot by Charlie McAvoy.
7:02 of 2nd period - Stopped by David Rittich with a rebound.
7:04 of 2nd period - Snap shot by John-Jason Peterka.
7:04 of 2nd period - Deflect By Dylan Larkin.
7:04 of 2nd period - Shot Blocked by Jonathan Marchessault.
7:04 of 2nd period - Puck is out of play.
7:05 of 2nd period - Sidney Crosby wins face-off versus Pavel Zacha in Montreal Canadiens zone.
8:17 of 2nd period - Snap shot by Mathieu Olivier.
8:17 of 2nd period - Shot Blocked by Jake Evans.
8:19 of 2nd period - Slapshot by Matt Grzelcyk.
8:19 of 2nd period - Stopped by David Rittich without a rebound.
8:20 of 2nd period - Dylan Gambrell wins face-off versus Vladislav Namestnikov in Montreal Canadiens zone.
8:31 of 2nd period - Slapshot by Tyson Barrie.
8:31 of 2nd period - Deflect By Mathieu Olivier.
8:31 of 2nd period - Shot Misses the Net.
8:31 of 2nd period - Puck is out of play.
8:32 of 2nd period - Sidney Crosby wins face-off versus Pavel Zacha in Montreal Canadiens zone.
8:57 of 2nd period - Patrik Laine is hit by Joe Veleno.
9:37 of 2nd period - Icing by Matt Grzelcyk.
9:38 of 2nd period - Christian Fischer wins face-off versus Dylan Gambrell in Boston Bruins zone.
9:46 of 2nd period - Snap shot by Tyson Jost.
9:46 of 2nd period - Deflect By Christian Fischer.
9:46 of 2nd period - Shot Blocked by Matt Grzelcyk.
9:46 of 2nd period - Puck is out of play.
9:47 of 2nd period - Christian Fischer wins face-off versus Pavel Zacha in Boston Bruins zone.
10:00 of 2nd period - Christian Fischer is hit by Pavel Zacha and loses puck.
10:28 of 2nd period - Snap shot by Patrik Laine.
10:28 of 2nd period - Shot Misses the Net.
10:44 of 2nd period - Charlie McAvoy is hit by Dylan Larkin.
10:47 of 2nd period - Off-side.
10:48 of 2nd period - Pavel Zacha wins face-off versus Dylan Larkin in neutral zone.
11:20 of 2nd period - Slapshot by Charlie McAvoy.
11:20 of 2nd period - Stopped by David Rittich with a rebound.
11:22 of 2nd period - Snap shot by Tyson Barrie.
11:22 of 2nd period - Shot Misses the Net.
11:24 of 2nd period - Snap shot by John-Jason Peterka.
11:24 of 2nd period - Shot Blocked by Tyler Myers.
11:26 of 2nd period - Snap shot by Joe Veleno.
11:26 of 2nd period - Shot Blocked by Tyler Myers.
11:48 of 2nd period - Evgeni Dadonov is hit by Ryan Donato and loses puck.
11:52 of 2nd period - Icing by Evgeni Dadonov.
11:53 of 2nd period - Pavel Zacha wins face-off versus Christian Fischer in Montreal Canadiens zone.
13:25 of 2nd period - Slapshot by Matt Grzelcyk.
13:25 of 2nd period - Stopped by David Rittich with a rebound.
13:46 of 2nd period - Off-side.
13:47 of 2nd period - Pavel Zacha wins face-off versus Sidney Crosby in neutral zone.
14:19 of 2nd period - Slapshot by Adam Fox.
14:19 of 2nd period - Deflect By Tyson Barrie.
14:19 of 2nd period - Stopped by Leevi Merilainen with a rebound.
14:21 of 2nd period - Snap shot by Martin Necas.
14:21 of 2nd period - Goal by Martin Necas - Montreal Canadiens : 1 - Boston Bruins : 3.
14:22 of 2nd period - Jamie Benn wins face-off versus Ryan Donato in neutral zone.
14:29 of 2nd period - Wrist shot by Sidney Crosby.
14:29 of 2nd period - Stopped by Leevi Merilainen without a rebound.
14:30 of 2nd period - Sidney Crosby wins face-off versus Ryan Donato in Boston Bruins zone.
14:35 of 2nd period - Slapshot by Sidney Crosby.
14:35 of 2nd period - Shot Blocked by Samuel Girard.
14:37 of 2nd period - Snap shot by Adam Fox.
14:37 of 2nd period - Shot Misses the Net.
14:39 of 2nd period - Wrist shot by Jamie Benn.
14:39 of 2nd period - Shot Blocked by Sean Durzi.
14:51 of 2nd period - Snap shot by Patrik Laine.
14:51 of 2nd period - Stopped by Leevi Merilainen without a rebound.
14:52 of 2nd period - Pavel Zacha wins face-off versus Dylan Larkin in Boston Bruins zone.
14:54 of 2nd period - Minor Penalty to Charlie McAvoy for Hooking.
14:55 of 2nd period - Sidney Crosby wins face-off versus Brandon Hagel in Boston Bruins zone.
15:07 of 2nd period - Slapshot by Phil Kessel.
15:07 of 2nd period - Shot Blocked by Dylan Larkin.
16:54 of 2nd period - Penalty to Charlie McAvoy is over, Charlie McAvoy is back on ice.
17:21 of 2nd period - Snap shot by Mathieu Olivier.
17:21 of 2nd period - Stopped by David Rittich with a rebound.
17:23 of 2nd period - Slapshot by Samuel Girard.
17:23 of 2nd period - Stopped by David Rittich without a rebound.
17:24 of 2nd period - Dylan Gambrell wins face-off versus Vladislav Namestnikov in Montreal Canadiens zone.
17:25 of 2nd period - Slapshot by Charlie McAvoy.
17:25 of 2nd period - Goal by Charlie McAvoy - Montreal Canadiens : 1 - Boston Bruins : 4.
17:26 of 2nd period - Sidney Crosby wins face-off versus Pavel Zacha in neutral zone.
17:31 of 2nd period - Snap shot by Adam Fox.
17:31 of 2nd period - Shot Blocked by Pavel Zacha.
17:39 of 2nd period - Slapshot by Sidney Crosby.
17:39 of 2nd period - Shot Misses the Net.
18:26 of 2nd period - Minor Penalty to Filip Hronek for Hooking.
18:27 of 2nd period - Dylan Larkin wins face-off versus Ryan Donato in Montreal Canadiens zone.
19:06 of 2nd period - Snap shot by Charlie McAvoy.
19:06 of 2nd period - Shot Blocked by Brady Skjei.
Goals for this period are 1 for Montreal Canadiens vs 3 for Boston Bruins.
Shots for this period are 7 for Montreal Canadiens vs 12 for Boston Bruins.
3rd period
0:01 of 3rd period - Dylan Larkin wins face-off versus Ryan Donato in neutral zone.
0:04 of 3rd period - Charlie McAvoy is hit by Brady Skjei and loses puck.
0:26 of 3rd period - Penalty to Filip Hronek is over, Filip Hronek is back on ice.
0:29 of 3rd period - Wrist shot by Filip Hronek.
0:29 of 3rd period - Stopped by Leevi Merilainen without a rebound.
0:30 of 3rd period - Sidney Crosby wins face-off versus Pavel Zacha in Boston Bruins zone.
0:39 of 3rd period - Slapshot by Pavel Zacha.
0:39 of 3rd period - Shot Blocked by Patrik Laine.
1:00 of 3rd period - Slapshot by Martin Necas.
1:00 of 3rd period - Shot Blocked by Samuel Girard.
1:07 of 3rd period - Minor Penalty to Dylan Larkin for Roughing.
1:08 of 3rd period - Vladislav Namestnikov wins face-off versus Brandon Hagel in Montreal Canadiens zone.
1:21 of 3rd period - Snap shot by Brandon Hagel.
1:21 of 3rd period - Goal by Brandon Hagel - Montreal Canadiens : 1 - Boston Bruins : 5.
1:22 of 3rd period - Sidney Crosby wins face-off versus Ryan Donato in neutral zone.
1:49 of 3rd period - Jonathan Marchessault is hit by Pavel Zacha.
1:52 of 3rd period - Off-side.
1:53 of 3rd period - Dylan Larkin wins face-off versus Brandon Hagel in neutral zone.
2:02 of 3rd period - Wrist shot by Pavel Zacha.
2:02 of 3rd period - Shot Misses the Net.
2:20 of 3rd period - Jamie Benn is hit by Joe Veleno and loses puck.
2:32 of 3rd period - Nicholas Merkley is hit by Filip Hronek and loses puck.
3:08 of 3rd period - Snap shot by Anthony Beauvillier.
3:08 of 3rd period - Stopped by David Rittich without a rebound.
3:09 of 3rd period - Pavel Zacha wins face-off versus Vladislav Namestnikov in Montreal Canadiens zone.
3:12 of 3rd period - Snap shot by Brandon Hagel.
3:12 of 3rd period - Deflect By Jack Johnson.
3:12 of 3rd period - Stopped by David Rittich without a rebound.
3:13 of 3rd period - Pavel Zacha wins face-off versus Sidney Crosby in Montreal Canadiens zone.
3:30 of 3rd period - Wrist shot by Pavel Zacha.
3:30 of 3rd period - Shot Misses the Net.
3:42 of 3rd period - Slapshot by Adam Fox.
3:42 of 3rd period - Stopped by Leevi Merilainen with a rebound.
3:56 of 3rd period - Slapshot by Anthony Beauvillier.
3:56 of 3rd period - Stopped by David Rittich with a rebound.
3:58 of 3rd period - Slapshot by Matt Grzelcyk.
3:58 of 3rd period - Shot Blocked by Adam Fox.
4:06 of 3rd period - Jamie Benn is hit by Anthony Beauvillier and loses puck.
4:18 of 3rd period - Minor Penalty to Adam Fox for Roughing.
4:19 of 3rd period - Ryan Donato wins face-off versus Jake Evans in Montreal Canadiens zone.
4:21 of 3rd period - Snap shot by Phil Kessel.
4:21 of 3rd period - Shot Misses the Net.
4:23 of 3rd period - Wrist shot by Joel Farabee.
4:23 of 3rd period - Goal by Joel Farabee - Montreal Canadiens : 1 - Boston Bruins : 6.
4:24 of 3rd period - Dylan Larkin wins face-off versus Ryan Donato in neutral zone.
4:27 of 3rd period - Wrist shot by Jonathan Marchessault.
4:27 of 3rd period - Stopped by Leevi Merilainen without a rebound.
4:28 of 3rd period - Dylan Larkin wins face-off versus Ryan Donato in Boston Bruins zone.
4:31 of 3rd period - Wrist shot by Martin Necas.
4:31 of 3rd period - Goal by Martin Necas - Montreal Canadiens : 2 - Boston Bruins : 6.
4:32 of 3rd period - Jamie Benn wins face-off versus Ryan Donato in neutral zone.
4:48 of 3rd period - Off-side.
4:49 of 3rd period - Dylan Larkin wins face-off versus Joe Veleno in neutral zone.
4:57 of 3rd period - Adam Fox is hit by Sean Durzi and loses puck.
5:06 of 3rd period - Joe Veleno is hit by Martin Necas and loses puck.
5:14 of 3rd period - Icing by Joe Veleno.
5:15 of 3rd period - Ryan Donato wins face-off versus Sidney Crosby in Boston Bruins zone.
6:12 of 3rd period - Wrist shot by Christian Fischer.
6:12 of 3rd period - Shot Misses the Net.
6:14 of 3rd period - Slapshot by Brady Skjei.
6:14 of 3rd period - Shot Misses the Net.
6:26 of 3rd period - Snap shot by Patrik Laine.
6:26 of 3rd period - Goal by Patrik Laine - Montreal Canadiens : 3 - Boston Bruins : 6.
6:27 of 3rd period - Ryan Donato wins face-off versus Jamie Benn in neutral zone.
6:38 of 3rd period - Snap shot by Joel Farabee.
6:38 of 3rd period - Deflect By Phil Kessel.
6:38 of 3rd period - Stopped by David Rittich without a rebound.
6:39 of 3rd period - Sidney Crosby wins face-off versus Joel Farabee in Montreal Canadiens zone.
7:19 of 3rd period - Minor Penalty to Sidney Crosby for Hooking.
7:20 of 3rd period - Jake Evans wins face-off versus Pavel Zacha in Montreal Canadiens zone.
7:28 of 3rd period - Snap shot by Sean Durzi.
7:28 of 3rd period - Shot Misses the Net.
7:30 of 3rd period - Wrist shot by Brandon Hagel.
7:30 of 3rd period - Stopped by David Rittich without a rebound.
7:31 of 3rd period - Ryan Donato wins face-off versus Jake Evans in Montreal Canadiens zone.
7:48 of 3rd period - Snap shot by Jake Evans.
7:48 of 3rd period - Shot Blocked by Samuel Girard.
8:38 of 3rd period - Sean Durzi is hit by Dylan Larkin and loses puck.
9:19 of 3rd period - Penalty to Sidney Crosby is over, Sidney Crosby is back on ice.
9:28 of 3rd period - Minor Penalty to Tyson Barrie for Hooking.
9:29 of 3rd period - Anthony Beauvillier wins face-off versus Jamie Benn in Boston Bruins zone.
9:38 of 3rd period - Slapshot by Adam Fox.
9:38 of 3rd period - Deflect By Sidney Crosby.
9:38 of 3rd period - Stopped by Leevi Merilainen with a rebound.
11:14 of 3rd period - Matt Grzelcyk is hit by Jonathan Marchessault.
11:28 of 3rd period - Penalty to Tyson Barrie is over, Tyson Barrie is back on ice.
11:35 of 3rd period - Samuel Girard is hit by Vladislav Namestnikov and loses puck.
11:40 of 3rd period - Snap shot by Jake Evans.
11:40 of 3rd period - Stopped by Leevi Merilainen with a rebound.
11:42 of 3rd period - Wrist shot by Tomas Nosek.
11:42 of 3rd period - Shot Blocked by Sean Durzi.
11:44 of 3rd period - Wrist shot by Vladislav Namestnikov.
11:44 of 3rd period - Shot Misses the Net.
12:00 of 3rd period - Icing by Jack Johnson.
12:01 of 3rd period - Christian Fischer wins face-off versus Joe Veleno in Montreal Canadiens zone.
12:30 of 3rd period - Wrist shot by Tyson Jost.
12:30 of 3rd period - Shot Blocked by Ryan Donato.
12:59 of 3rd period - Filip Hronek is hit by Dylan Gambrell and loses puck.
13:06 of 3rd period - Slapshot by Adam Fox.
13:06 of 3rd period - Shot Misses the Net.
13:39 of 3rd period - Off-side.
13:40 of 3rd period - Vladislav Namestnikov wins face-off versus Ryan Donato in neutral zone.
13:43 of 3rd period - Slapshot by Filip Hronek.
13:43 of 3rd period - Stopped by Leevi Merilainen without a rebound.
13:44 of 3rd period - Joel Farabee wins face-off versus Vladislav Namestnikov in Boston Bruins zone.
13:44 of 3rd period - Ryan Donato is hit by Tomas Nosek and loses puck.
14:32 of 3rd period - Minor Penalty to Tomas Nosek for Hooking.
14:33 of 3rd period - Dylan Larkin wins face-off versus Pavel Zacha in Montreal Canadiens zone.
14:45 of 3rd period - Snap shot by Pavel Zacha.
14:45 of 3rd period - Deflect By Jamie Benn.
14:45 of 3rd period - Stopped by David Rittich with a rebound.
14:47 of 3rd period - Wrist shot by Anthony Beauvillier.
14:47 of 3rd period - Stopped by David Rittich with a rebound.
14:49 of 3rd period - Slapshot by Sean Durzi.
14:49 of 3rd period - Shot Blocked by Jamie Benn.
15:05 of 3rd period - Christian Fischer is hit by Joel Farabee and loses puck.
15:46 of 3rd period - Tyson Barrie is hit by Christian Fischer and loses puck.
16:27 of 3rd period - Icing by Nicholas Merkley.
16:28 of 3rd period - John-Jason Peterka wins face-off versus Vladislav Namestnikov in Boston Bruins zone.
16:32 of 3rd period - Penalty to Tomas Nosek is over, Tomas Nosek is back on ice.
16:42 of 3rd period - Charlie McAvoy is hit by Vladislav Namestnikov and loses puck.
16:51 of 3rd period - Tyler Myers is hit by Charlie McAvoy and loses puck.
16:56 of 3rd period - Backhand shot by Nicholas Merkley.
16:56 of 3rd period - Deflect By John-Jason Peterka.
16:56 of 3rd period - Stopped by David Rittich without a rebound.
16:57 of 3rd period - Sidney Crosby wins face-off versus Pavel Zacha in Montreal Canadiens zone.
17:22 of 3rd period - Sidney Crosby is hit by Joonas Donskoi and loses puck.
17:29 of 3rd period - Slapshot by Adam Fox.
17:29 of 3rd period - Stopped by Leevi Merilainen without a rebound.
17:30 of 3rd period - Joe Veleno wins face-off versus Dylan Larkin in Boston Bruins zone.
17:35 of 3rd period - Dylan Larkin is hit by Joe Veleno and loses puck.
17:42 of 3rd period - Wrist shot by Nicholas Merkley.
17:42 of 3rd period - Stopped by David Rittich with a rebound.
17:53 of 3rd period - Icing by Sean Durzi.
17:54 of 3rd period - Ryan Donato wins face-off versus Christian Fischer in Boston Bruins zone.
18:23 of 3rd period - Jacob Larsson is hit by Jamie Benn and loses puck.
19:03 of 3rd period - Minor Penalty to Mathieu Olivier for Hooking.
19:04 of 3rd period - Sidney Crosby wins face-off versus Brandon Hagel in Boston Bruins zone.
19:34 of 3rd period - Anthony Beauvillier is hit by Dylan Larkin and loses puck.
19:39 of 3rd period - Slapshot by Sidney Crosby.
19:39 of 3rd period - Stopped by Leevi Merilainen without a rebound.
19:40 of 3rd period - Martin Necas wins face-off versus Brandon Hagel in Boston Bruins zone.
Goals for this period are 2 for Montreal Canadiens vs 2 for Boston Bruins.
Shots for this period are 10 for Montreal Canadiens vs 11 for Boston Bruins.
Back to the Top